 Dungeon Crawl Stone Soup version 0.31-a0-190-g4feb4907b2 (webtiles) character file.

Game seed: 17533854723235371628

98 qw the Shooter (level 4, 0/25 HPs)
             Began as a Deep Elf Hunter on June 23, 2023.
             Succumbed to their own poison gas
             ... on level 2 of the Dungeon.
             The game lasted 00:00:48 (1488 turns).

qw the Shooter (Deep Elf Hunter)                    Turns: 1488, Time: 00:00:48

Health: 0/25       AC:  7    Str:  5    XL:     4   Next: 43%
Magic:  6/6        EV: 14    Int: 14    God:
Gold:   11         SH:  0    Dex: 18    Spells: 3/3 levels left

rFire   . . .        Y - +1 shortbow (freeze)
rCold   + + .        (shield currently unavailable)
rNeg    . . .        d - +0 ring mail
rPois   .            (no helmet)
rElec   .            i - +1 cloak
rCorr   .            (no gloves)
SInv    +            (no boots)
Will    .....        c - amulet of Lust {Faith rC++ Str-5 SInv Stlth+}
Stlth   ++           g - +5 ring of evasion
HPRegen 0.24/turn    (no ring)
MPRegen 0.10/turn

%: faith
@: lethally poisoned (0 -> -1)
A: no striking features
a: no special abilities


You were on level 2 of the Dungeon.
You visited 1 branch of the dungeon, and saw 2 of its levels.

You collected 181 gold pieces.
You spent 170 gold pieces at shops.


   Skills:
 - Level 1.5 Fighting
 + Level 7.9 Ranged Weapons
 - Level 2.4 Dodging
 - Level 1.2 Stealth


You had 3 spell levels left.
You didn't know any spells.
Your spell library was empty.

Inventory:

Hand Weapons
 Y - a +1 shortbow of freezing (weapon)
Armour
 d - a +0 ring mail (worn)
 i - a +1 cloak (worn)
Jewellery
 c - the amulet of Lust (around neck) {Faith rC++ Str-5 SInv Stlth+}
   (You acquired it on level 2 of the Dungeon)

   [amulet of faith]

   It allows you to gain divine favour quickly.
   Str:       It affects your strength (-5).
   rC:        It greatly protects you from cold.
   SInv:      It lets you see invisible.
   Stlth:     It makes you more stealthy.
 g - a +5 ring of evasion (left hand)
Scrolls
 a - 2 scrolls of teleportation
 f - 2 scrolls of identify
Potions
 b - a potion of heal wounds

Dungeon Overview and Level Annotations

Branches:
Dungeon (2/15)

Altars:

Shops:
D:2 ?


Message History

1477 ||| READING 3 scrolls of identify.
As you read the scroll of identify, it crumbles to dust.
b - a potion of heal wounds;
1477 ||| IDENTIFYING yellow potion Done exploring.
(D) Dungeon
Where to? (* - list waypoints, Enter - D:2, ? - help)
What level of the Dungeon? (default 1, ? - help) Sorry, I don't know how to get there.
Enter note:
Enter note:
Enter note:
Enter note:
Enter note:
Enter note:
Enter note:
Enter note:
Enter note: Really walk into that cloud of poison gas?
You are engulfed in poison gas.
You are poisoned.
You feel very sick.
1479 ||| Stepping ~*~*~tactically~*~*~ (cloud).
You feel very sick.
There is a lethal amount of poison in your body!
You feel very sick.
There is a lethal amount of poison in your body!
You feel sick.
There is a lethal amount of poison in your body!
You feel sick.
There is a lethal amount of poison in your body!
You feel sick.
There is a lethal amount of poison in your body!
You feel sick.
There is a lethal amount of poison in your body!
You feel sick.
There is a lethal amount of poison in your body!
You feel sick.
There is a lethal amount of poison in your body!
You feel sick.
There is a lethal amount of poison in your body!
You die...

####.#......# ############
#####....¤..#.#####...%..##..###
#.......0#¤.......#...#.........
##.###^#.0000..#..##..##.......%.
.......#.000¤0.....#..#####)####'
##.##..#.##¤¤.######...#....#..%.
#.......##¤00.¤¤###...#....#....
#.......0..0.0..0¤#..########..#
#.##.#.########@###..#..##..#..#
#.......# #.<0##..'......%..#
##..##...# #.¤¤##..##8..8##..#
....##...# #.¤0¤######..##....
##...%.<.######.0.####..#..##....
##...###.##......¤0.....#..######
##...#..........¤0......#..#..#..
##.......##....(........#..##.#.#
.:.#.#.########...####..#'###.#.#


There were no monsters in sight!

Vanquished Creatures
  2 adders (D:2)
  A worm (D:2)
  6 endoplasms
  3 giant cockroaches
  7 hobgoblins
  3 jackals (D:1)
  6 kobolds
  4 quokkas (D:1)
  10 ball pythons
  6 bats
  5 frilled lizards
  7 goblins
  10 rats
70 creatures vanquished.

Notes
Turn   | Place    | Note
-------+----------+-------------------------------------------
     0 | D:1      | qw the Deep Elf Hunter began the quest for the Orb.
     0 | D:1      | Reached XP level 1. HP: 12/12 MP: 3/3
     0 | D:1      | 0 ||| qw: Version: 0.3-a-9-g12657ce
     0 | D:1      | 0 ||| qw: Game counter: 4524
     0 | D:1      | 0 ||| qw: Always use a shield: true
     0 | D:1      | 0 ||| qw: God list: Okawaru
     0 | D:1      | 0 ||| qw: Allow faded altars: false
     0 | D:1      | 0 ||| qw: Do Orc after D:15 true
     0 | D:1      | 0 ||| qw: Do second Lair branch before Depths: true
     0 | D:1      | 0 ||| qw: Lair rune preference: random
     0 | D:1      | 0 ||| qw: Plans: Normal
     0 | D:1      | 0 ||| PLANNING D:1-11
    56 | D:1      | HP: 3/12 [quokka (1)]
    58 | D:1      | Reached skill level 6 in Ranged Weapons
    58 | D:1      | Reached XP level 2. HP: 3/16 MP: 4/4
   264 | D:1      | You fall into a shaft and drop 1 floor!
   291 | D:2      | Reached XP level 3. HP: 11/20 MP: 5/5
   361 | D:2      | Reached skill level 7 in Ranged Weapons
   440 | D:2      | 440 ||| UPGRADING to +5 ring of evasion.
   441 | D:2      | 441 ||| READING 2 scrolls labelled RUFETE ILAFEFF.
   446 | D:2      | 446 ||| FLEEEEING.
   447 | D:2      | 447 ||| STAIRDANCE
   686 | D:1      | 686 ||| FLEEEEING.
   687 | D:1      | 687 ||| FLEEEEING.
   688 | D:1      | 688 ||| FLEEEEING.
   689 | D:1      | 689 ||| FLEEEEING.
   692 | D:1      | Reached XP level 4. HP: 24/25 MP: 6/6
   741 | D:1      | 741 ||| UPGRADING to +0 ring mail.
   751 | D:1      | 751 ||| DROPPING +0 leather armour.
   752 | D:1      | 752 ||| UPGRADING to +0 cloak.
   757 | D:1      | 757 ||| READING scroll labelled CIQI GUCIR.
   758 | D:1      | 758 ||| READING 3 scrolls labelled KEIS XEDUDEMUL.
   759 | D:1      | 759 ||| READING scroll labelled ZELIOGINUP.
   760 | D:1      | 760 ||| DROPPING scroll of butterflies.
   782 | D:2      | 782 ||| STAIRDANCE
   799 | D:2      | Found Pystaz's Magic Scroll Shop.
  1300 | D:2      | 1300 ||| SHOPLISTING scroll of acquirement (520 gold, have
                  | 181).
  1300 | D:2      | 1300 ||| BUYING scroll of brand weapon (95 gold).
  1300 | D:2      | Bought a scroll of brand weapon for 95 gold pieces
  1300 | D:2      | 1300 ||| BUYING scroll of enchant armour (75 gold).
  1300 | D:2      | Bought a scroll of enchant armour for 75 gold pieces
  1300 | D:2      | 1300 ||| SHOPLISTING scroll of identify (20 gold, have 11).
  1300 | D:2      | 1300 ||| SHOPLISTING scroll of teleportation (30 gold, have
                  | 11).
  1300 | D:2      | 1300 ||| READING scroll of brand weapon.
  1300 | D:2      | 1300 ||| BRANDING +1 shortbow.
  1301 | D:2      | 1301 ||| READING scroll of enchant armour.
  1301 | D:2      | 1301 ||| ENCHANTING +0 cloak.
  1469 | D:2      | 1469 ||| READING scroll labelled XOIBBE BOKHUGE.
  1469 | D:2      | Identified a scroll of acquirement
  1469 | D:2      | 1469 ||| ACQUIRING amulet of Lust {Faith rC++ Str-5 SInv
                  | Stlth+}
  1469 | D:2      | Acquired the amulet of Lust {Faith rC++ Str-5 SInv Stlth+}
  1471 | D:2      | 1471 ||| UPGRADING to amulet of Lust {Faith rC++ Str-5 SInv
                  | Stlth+}.
  1476 | D:2      | 1476 ||| READING scroll labelled BIN TEDUCHUM.
  1477 | D:2      | 1477 ||| READING 3 scrolls of identify.
  1477 | D:2      | 1477 ||| IDENTIFYING yellow potion
  1479 | D:2      | 1479 ||| Stepping ~*~*~tactically~*~*~ (cloud).
  1482 | D:2      | HP: 5/25 [poisoned by you (poison gas)]
  1485 | D:2      | HP: 2/25 [poisoned by you (poison gas)]
  1488 | D:2      | Succumbed to their own poison gas

Levels and vault maps discovered:
D:1:      dpeg_arrival_rhombus, layout_basic
D:2:      minmay_chambers_of_twos, layout_loops_cross, serial_shops,
          nicolae_shop_peninsula

Skill      XL: |  1  2  3 |
---------------+----------+-----
Ranged Weapons | 6 7 |  7.9
Fighting       | |  1.5
Dodging        | |  2.4
Stealth        | |  1.2

Action                     |  1- 3 |  4- 6 || total
---------------------------+-------+-------++-------
   Fire: Shortbow          |   116 |    58 ||   174
    Use: Scroll            |     1 |     8 ||     9
 Armour: Leather armour    |    26 |       ||    26
         Ring mail         |       |     6 ||     6
  Dodge: Dodged            |    50 |    12 ||    62

Table legend:
 A = Non-vault XP
 B = Vault XP
 C = Vault XP percentage of total XP
 D = Non-vault monster count
 E = Vault monster count
 F = Vault count percentage of total count
                 A         B        C        D         E       F
            +---------+---------+-------+---------+---------+-------
      Total |     104 |      36 |  25.7 |      62 |       8 |  11.4
            +---------+---------+-------+---------+---------+-------
        D:1 |      55 |       0 |   0.0 |      34 |       0 |   0.0
        D:2 |      49 |      36 |  42.4 |      28 |       8 |  22.2
            +---------+---------+-------+---------+---------+-------
